 Dungeon Crawl Stone Soup version 0.31.0-9-g3a7656b989 (webtiles) character file.

Game seed: 8897966443567149161

219 ExZ the Sneak (level 5, -1/31 HPs)
             Began as an Octopode Earth Elementalist on Jan 27, 2024.
             Slain by an ogre
             ... wielding a +0 giant spiked club
              (19 damage)
             ... on level 4 of the Dungeon on Jan 28, 2024.
             The game lasted 00:07:55 (2916 turns).

ExZ the Sneak (Octopode Earth Elementalist)         Turns: 2916, Time: 00:07:55

Health: -1/31      AC:  1    Str:  7    XL:     5   Next: 96%
Magic:  0/10       EV: 13    Int: 20    God:
Gold:   170        SH:  0    Dex: 12    Spells: 7/11 levels left

rFire   . . .        x - +1 dagger (venom)
rCold   . . .        (no shield)
rNeg    + . .        (helmet restricted)
rPois   .            s - amulet of guardian spirit
rElec   .            i - ring of positive energy
rCorr   .            (no ring)
SInv    .            (no ring)
Will    .....        (no ring)
Stlth   +++          (no ring)
HPRegen 0.25/turn    (no ring)
MPRegen 0.12/turn    (no ring)
                     (no ring)

%: guardian spirit
@: no status effects
A: almost no armour, amphibious, 8 rings, camouflage 1, gelatinous body 1,
(nimble swimmer 1), tentacles
a: no special abilities


You were on level 4 of the Dungeon.
You visited 1 branch of the dungeon, and saw 4 of its levels.

You collected 170 gold pieces.

Inventory:

Hand Weapons
 x - a +1 dagger of venom (weapon)
Jewellery
 i - a ring of positive energy (left tentacle)
 s - an amulet of guardian spirit (around mantle)
Talismans
 m - a beast talisman
 n - a maw talisman
Scrolls
 g - a scroll of poison {unknown}
 h - a scroll of silence {unknown}
 k - a scroll of teleportation {unknown}
 l - 2 scrolls of immolation {unknown}
 o - a scroll of enchant armour {unknown}
 q - a scroll of noise {unknown}
 r - a scroll of fear {unknown}
 t - a scroll of acquirement {unknown}
 v - a scroll of amnesia {unknown}
 w - a scroll of identify {unknown}
Potions
 a - a potion of magic
 b - a potion of heal wounds {unknown}
 c - a potion of berserk rage
 d - a potion of mutation {unknown}
 e - a potion of brilliance {unknown}
 j - a potion of lignification {unknown}
 p - a potion of curing {unknown}
 u - a potion of attraction {unknown}


   Skills:
 - Level 2.0 Dodging
 - Level 4.0 Stealth
 + Level 3.8 Spellcasting
 + Level 3.6 Conjurations
 - Level 3.0 Earth Magic


You had 7 spell levels left.
You knew the following spells:

 Your Spells              Type           Power      Damage    Failure   Level
a - Sandblast             Erth           32%        2d9       3%          1
b - Stone Arrow           Conj/Erth      34%        3d9       10%         3

Your spell library contained the following spells:

 Spells                   Type           Power      Damage    Failure   Level
 Passwall                 Erth           16%        N/A       11%         3
 Brom's Barrelling Bould  Conj/Erth      17%        2d4       32%         4
 Fugue of the Fallen      Necr           3%         N/A       36%         3
 Ozocubu's Armour         Ice            3%         N/A       36%         3
 Petrify                  Alch/Erth      9%         N/A       56%         4
 Manifold Assault         Tloc           3%         N/A       78%         4


Dungeon Overview and Level Annotations

Branches:
Dungeon (4/15)
 Temple: D:4-7

Altars:
Hepliaklqana

Shops:
D:1 =![   D:4 !


Innate Abilities, Weirdness & Mutations

You cannot wear most types of armour.
You are amphibious.
You can wear up to eight rings at the same time.
Your skin changes colour to match your surroundings (Stealth+).
Your rubbery body absorbs attacks. (AC +1, EV +1)
((You are camouflaged when in or above water. (Stealth+)))
You have tentacles for arms and can constrict up to eight enemies at once.


Message History

Casting: Sandblast (safe; 3% risk of failure)
Confirm with . or Enter, or press ? or * to list all spells.
Aiming: Sandblast (safe; 3% risk of failure)
Press: ? - help, Shift-Dir - straight line, f - goblin
Aim: a goblin, wielding a +1 dagger of venom (wandering, hasn't noticed you, 77% to hit)
The blast of sand hits the goblin.
You kill the goblin!
Unknown command.
You see here a +1 dagger of venom.
x - a +1 dagger of venom Your +1 dagger of venom begins to drip with poison!
x - a +1 dagger of venom (weapon)
Unknown command.
You drop a +0 dagger.
Unknown command.
Found 6 stones.
l - 2 scrolls labelled BAIF LEAN OPUNN (gained 1)
An ogre comes into view. It is wielding a +0 giant spiked club.
An ogre is nearby!
Unknown command.
Unknown command.
You see here 6 stones.
Found 17 gold pieces.
A hobgoblin comes into view.
Found 4 stones.
The ogre shouts!
The ogre hits you with a +0 giant spiked club!!
Ouch! That really hurt!
* * * LOW HITPOINT WARNING * * *
Unknown command.
Unknown command.
You see here 6 stones.
The ogre attacks as it pursues you! The ogre misses you.
You see here a +0 dagger.
The ogre attacks as it pursues you! The ogre barely misses you.
There is an open door here.
The ogre attacks as it pursues you!
The ogre hits you with a +0 giant spiked club!!
Ouch! That really hurt!
You die...

#.# #.# #.# #####
#.######...# #.#<(......'
#∩######...# # #+# #.# #...#
###.####.#########.######...#
....>......O@...............#
###.....###################..
#......'O.......).... ...
###....###...######## ###
#....# #...# ##...# #...#
#...# ###.# ##### #.# #.#


You could see an ogre.

Vanquished Creatures
  A phantom (D:3)
  A howler monkey (D:4)
  3 adders
  3 ribbon worms
  5 dart slugs
  2 orcs (D:3)
  6 bats
  3 endoplasms
  3 giant cockroaches
  11 goblins
  9 hobgoblins
  2 kobolds (D:1)
  4 quokkas
  7 ball pythons
  A frilled lizard (D:2)
  5 rats
66 creatures vanquished.

Notes
Turn   | Place    | Note
-------+----------+-------------------------------------------
     0 | D:1      | ExZ the Octopode Earth Elementalist began the quest for the
                  | Orb.
     0 | D:1      | Reached XP level 1. HP: 11/11 MP: 3/3
   137 | D:1      | Reached skill level 3 in Stealth
   158 | D:1      | Reached XP level 2. HP: 17/17 MP: 1/5
   399 | D:1      | Reached skill level 4 in Stealth
   429 | D:1      | Found Jiuraupuix's Jewellery Shoppe.
   485 | D:1      | Found Wef Futy's Distillery.
   615 | D:1      | Found Voliot Aleri's Armour Emporium.
   712 | D:1      | Reached XP level 3. HP: 21/21 MP: 3/6
   839 | D:1      | Learned a level 3 spell: Stone Arrow
  1413 | D:2      | Reached XP level 4. HP: 23/27 MP: 2/8
  2283 | D:3      | Noticed a phantom
  2296 | D:3      | Killed a phantom
  2297 | D:3      | Reached XP level 5. HP: 16/31 MP: 0/10
  2494 | D:3      | Found a hazy altar of Hepliaklqana.
  2725 | D:4      | Found Luumyono's Distillery.
  2856 | D:4      | Noticed an ogre
  2916 | D:4      | Slain by an ogre

Illustrated notes

Levels and vault maps discovered:
D:1:      minmay_arrival_doors, layout_rooms, serial_shops, nicolae_square_shop,
          shop, nicolae_shop_back_alley_shop, minmay_indecisive_spiral
D:2:      layout_rooms
D:3:      layout_basic, mainiacjoe_overflow_concentric_impassable, st_stairs_6
D:4:      cheibrodos_fertilizer, layout_basic, serial_shops, shop

Skill      XL: |  1  2  3  4 |
---------------+-------------+-----
Stealth        | 3 4 |  4.0
Conjurations   | 2 3 |  3.6
Spellcasting   | 3 |  3.8
Dodging        | |  2.0
Earth Magic    | |  3.0

Action                     |  1- 3 |  4- 6 || total
---------------------------+-------+-------++-------
  Melee: Dagger            |       |     3 ||     3
         Constrict         |       |     1 ||     1
   Cast: Sandblast         |    61 |    56 ||   117
    Use: Potion            |       |     1 ||     1
   Stab: Sleeping          |       |     1 ||     1
 Armour: Skin              |     7 |    15 ||    22
  Dodge: Dodged            |    14 |    17 ||    31
